 Dungeon Crawl Stone Soup version 0.22-a0-825-ga28c36f (webtiles) character file.

30 Amnesiac the Magician (level 3, 0/24 HPs)
             Began as a Mummy Earth Elementalist on July 25, 2018.
             Slain by a kobold
             ... wielding a +0 hand axe
              (2 damage)
             ... on level 1 of the Dungeon.
             The game lasted 00:01:37 (641 turns).

Amnesiac the Magician (Mummy Earth Elementalist)     Turns: 641, Time: 00:01:38

Health: 0/24       AC:  2    Str: 11    XL:     3   Next: 3%
Magic:  0/7        EV: 12    Int: 15    God:
Gold:   31         SH:  0    Dex: 12    Spells: 2/8 levels left

rFire    x . .     SeeInvis .   (no weapon)
rCold    + . .     Gourm    .   (no shield)
rNeg     + + +     Faith    .   c - +0 robe
rPois    ∞         Spirit   .   (no helmet)
rElec    .         Reflect  .   (no cloak)
rCorr    .         Harm     .   (no gloves)
MR       .....                  (no boots)
Stlth    ++........             (no amulet)
HPRegen  0.08/turn              (no ring)
MPRegen  0.10/turn              (no ring)

@: no status effects
A: no food or potions, fire vulnerability, cold resistance 1, negative energy
resistance 3, torment resistance, unbreathing
a: no special abilities


You were on level 1 of the Dungeon.
You were not hungry.

You visited 1 branch of the dungeon, and saw 1 of its levels.

You collected 31 gold pieces.

Inventory:

Missiles
 b - 26 stones (quivered)
Armour
 c - a +0 robe (worn)


   Skills:
 - Level 1.5 Dodging
 - Level 1.5 Stealth
 + Level 3.2 Spellcasting
 - Level 0.7 Transmutations
 * Level 3.2 Earth Magic


You had 2 spell levels left.
You knew the following spells:

 Your Spells              Type           Power        Failure   Level  Hunger
a - Sandblast             Erth           ##....       5%          1    N/A
b - Passwall              Tmut/Erth      #.......     13%         2    N/A
c - Stone Arrow           Conj/Erth      #.....       30%         3    N/A

Your spell library contained the following spells:

 Spells                   Type           Power        Failure   Level  Hunger
 Lee's Rapid Deconstruct  Erth           ##........   82%         5    N/A
 Petrify                  Tmut/Erth      #.......     65%         4    N/A

Dungeon Overview and Level Annotations

Branches:
Dungeon (1/15)

Altars:


Innate Abilities, Weirdness & Mutations

You do not eat or drink.
Your flesh is vulnerable to fire.
You are immune to poison.
Your flesh is cold resistant. (rC+)
You are immune to negative energy. (rN+++)
You are immune to unholy pain and torment.
You can survive without breathing.


Message History

You don't have enough magic to cast that spell.
Casting: Sandblast (safe; 5% risk of failure)
Confirm with . or Enter, or press ? or * to list all spells.
You don't have enough magic to cast that spell.
Press: ? - help, v - describe, . - travel
Here: a kobold, wielding a hand axe, wearing a chain mail and wearing a notched ivory ring (moderately wounded, fast)
The floor.
Unknown command.
b - 19 stones (gained 7)
The kobold throws a stone.
The stone hits you.
* * * LOW HITPOINT WARNING * * *
The kobold throws a stone.
The stone hits you but does no damage.
b - 21 stones (gained 2)
The kobold throws a stone.
The stone hits you.
* * * LOW HITPOINT WARNING * * *
b - 22 stones (gained 1)
The kobold throws a stone.
The stone hits you but does no damage.
The kobold throws a stone.
The stone hits you but does no damage.
b - 23 stones (gained 1)
The kobold throws a stone.
The stone barely misses you.
The kobold throws a stone.
The stone hits you but does no damage.
You see here 4 stones.
b - 27 stones (gained 4)
The kobold throws a stone.
The stone misses you.
Throwing (i - inventory)
b - 27 stones (quivered)
Press: ? - help, Shift-Dir - straight line, f/p - kobold
Aim: a kobold, wielding a hand axe, wearing a chain mail and wearing a notched ivory ring (moderately wounded, fast)
Okay, then.
b - 28 stones (gained 1)
The kobold throws a stone.
The stone misses you.
The kobold throws a stone.
The stone hits you.
* * * LOW HITPOINT WARNING * * *
Items here: ! ) ††† a club; a coppery potion {!q}; a goblin corpse; a dart slug corpse a frilled lizard corpse
Casting: Sandblast (safe; 5% risk of failure)
Confirm with . or Enter, or press ? or * to list all spells.
Aiming: Sandblast (safe; 5% risk of failure)
Press: ? - help, Shift-Dir - straight line, f/p - kobold
Aim: a kobold, wielding a hand axe, wearing a chain mail and wearing a notched ivory ring (moderately wounded, fast)
The blast of sand hits the kobold.
The kobold is moderately wounded.
b - 27 stones The kobold throws a stone.
The stone barely misses you.
Unknown command.
You aren't carrying any items that you can evoke.
You aren't carrying any scrolls.
Unknown command.
The kobold barely misses you. The kobold hits you with a hand axe.
* * * LOW HITPOINT WARNING * * *
The kobold barely misses you.
Casting: Sandblast (safe; 5% risk of failure)
Confirm with . or Enter, or press ? or * to list all spells.
Aiming: Sandblast (safe; 5% risk of failure)
Press: ? - help, Shift-Dir - straight line, f/p - kobold
Aim: a kobold, wielding a hand axe, wearing a chain mail and wearing a notched ivory ring (moderately wounded, fast)
The blast of sand hits the kobold.
The kobold is moderately wounded.
b - 26 stones The kobold hits you but does no damage.
The kobold barely misses you.
Unknown command.
The kobold hits you with a hand axe.
You die...

#.<##....#####......########
#.###..### #...##.........
#..#...# ##....####....##
##.#.#)######..#..## #.##..#
#...#..#......#...###.#....
##..##...####.#.#..#....###
#......## #.#..#.#..#####
##..#.######.##.#....###..
..........@K........).....#
..........#####..........####
###...................##..##
#....##..#...#(#..........##
#..##.##..#.###...##.........
..# #.%..........######.)##.#
#..#....###.## ##..#..
#..##.. #)# ##.... #.# ##.
#(## #####


You could see a kobold.

Vanquished Creatures
  2 dart slugs (D:1)
  6 bats (D:1)
  2 giant cockroaches (D:1)
  A goblin (D:1)
  5 hobgoblins (D:1)
  4 frilled lizards (D:1)
  2 kobolds (D:1)
  3 rats (D:1)
25 creatures vanquished.

Notes
Turn   | Place    | Note
-------+----------+-------------------------------------------
     0 | D:1      | Amnesiac the Mummy Earth Elementalist began the quest for the Orb.
     0 | D:1      | Reached XP level 1. HP: 13/13 MP: 4/4
   102 | D:1      | Reached XP level 2. HP: 19/19 MP: 0/5
   561 | D:1      | Reached XP level 3. HP: 8/24 MP: 0/7
   565 | D:1      | Learned a level 2 spell: Passwall
   569 | D:1      | Learned a level 3 spell: Stone Arrow
   641 | D:1      | Slain by a kobold

Vault maps used:
D:1:      dpeg_arrival_tiny_a, minmay_nonomino_d4

Skill      XL: |  1  2 |
---------------+-------+-----
Spellcasting   | 3 |  3.2
Earth Magic    | 3 |  3.2
Dodging        | |  1.5
Stealth        | |  1.5
Transmutations | |  0.7

Action                   || total
-------------------------++-------
Melee: Unarmed           ||    47
 Cast: Sandblast         ||    38
Armor: Robe              ||    18
Dodge: Dodged            ||    57

Table legend:
 A = Spawn XP
 B = Non-spawn XP
 C = Spawn XP percentage of total XP
 D = Spawn monster count
 E = Non-spawn monster count
 F = Spawn count percentage of total count
 G = Total turns spent on level
                    A         B        C        D         E        F      G
               +---------+---------+-------+---------+---------+-------+---------
         Total |       0 |      43 |   0.0 |       0 |      25 |   0.0 |   641
               +---------+---------+-------+---------+---------+-------+---------
           D:1 |       0 |      43 |   0.0 |       0 |      25 |   0.0 |   641
               +---------+---------+-------+---------+---------+-------+---------
